 Dungeon Crawl Stone Soup version 0.31-a0-1388-g4b2ba238e7 (webtiles) character file.

Game seed: 6733166140277553485

0 MisterAzrael the Sneak (level 1, 0/9 HPs)
             Began as a Spriggan Enchanter on Dec 24, 2023.
             Slain by a jackal (1 damage)
             ... on level 1 of the Dungeon.
             The game lasted 00:00:37 (273 turns).

MisterAzrael the Sneak (Spriggan Enchanter)          Turns: 273, Time: 00:00:37

Health: 0/9        AC:  2    Str:  4    XL:     1   Next: 8%
Magic:  5/5        EV: 17    Int: 16    God:
Gold:   24         SH:  0    Dex: 15    Spells: 5/5 levels left

rFire   . . .        a - +1 dagger
rCold   . . .        (no shield)
rNeg    . . .        b - +0 robe
rPois   .            (helmet restricted)
rElec   .            (no cloak)
rCorr   .            (gloves unavailable)
SInv    +            (boots unavailable)
Will    .....        (no amulet)
Stlth   +++          (no ring)
HPRegen 0.21/turn    (no ring)
MPRegen 0.09/turn

%: no passive effects
@: very quick
A: very small, no large weapons, unfitting armour, see invisible, speed 3
a: no special abilities


You were on level 1 of the Dungeon.
You visited 1 branch of the dungeon, and saw 1 of its levels.

You collected 24 gold pieces.

Inventory:

Hand Weapons
 a - a +1 dagger (weapon)
Armour
 b - a +0 robe (worn)
Jewellery
 e - a ring of willpower
 f - a ring of positive energy
Scrolls
 d - a scroll of identify {unknown}
Potions
 c - 2 potions of invisibility


   Skills:
 + Level 1.1 Short Blades
 - Level 2.6 Dodging
 * Level 4.4 Stealth
 + Level 2.7 Spellcasting
 + Level 3.6 Hexes


You had 5 spell levels left.
You didn't know any spells.
Your spell library contained the following spells:

 Spells                   Type           Power      Damage    Failure   Level
 Confusing Touch          Hex            13%        N/A       13%         3
 Tukima's Dance           Hex            13%        N/A       13%         3
 Ensorcelled Hibernation  Hex/Ice        14%        N/A       14%         2
 Freeze                   Ice            8%         1d3       19%         1
 Dazzling Flash           Conj/Hex       14%        N/A       28%         3
 Frozen Ramparts          Ice            4%         1d1       50%         3
 Hailstorm                Conj/Ice       2%         3d5       50%         3


Dungeon Overview and Level Annotations

Branches:
Dungeon (1/15)

Altars:


Innate Abilities, Weirdness & Mutations

You are very small and have problems with some larger weapons.
You are too small for most types of armour.
You have supernaturally acute eyesight. (SInv)
You cover ground extremely quickly. (Speed+++)


Message History

The jackal barks!
There are monsters nearby!
A jackal comes into view.
A bat comes into view.
A rat comes into view.
You closely miss the jackal.
The rat squeaks loudly.
The jackal barks! x2
The jackal completely misses you. The jackal misses you.
You hit the jackal but do no damage. The jackal bites you.
You hit the jackal.
The jackal is moderately wounded.
The jackal barely misses you. The bat closely misses you. The bat hits you.
The jackal attacks as it pursues you! The jackal closely misses you.
The jackal attacks as it pursues you! The jackal closely misses you.
The jackal attacks as it pursues you!
The jackal bites you but does no damage.
The jackal attacks as it pursues you! The jackal misses you.
The bat closely misses you. The bat closely misses you.
The bat attacks as it pursues you! The bat hits you. The bat barely misses you.
The bat misses you.
You hit the bat.
The bat is severely wounded.
The bat misses you. The bat barely misses you.
You barely miss the bat.
The bat is severely wounded.
The bat hits you.
You hit the bat.
You kill the bat!
You hit the jackal but do no damage. The jackal misses you.
The jackal bites you but does no damage.
The jackal misses you.
You closely miss the jackal. You punch the jackal, but do no damage.
The jackal bites you. The jackal misses you. The jackal bites you. x2
* * * LOW HITPOINT WARNING * * *
You barely miss the jackal. The jackal misses you. The jackal bites you.
* * * LOW HITPOINT WARNING * * *
The jackal barely misses you. The jackal bites you.
You die...

#### ######## ############
....#########..h...# #...........
...............h@..###.[.........
...............h.................
.##............####..........###.
..........r....# #.....###### #.
............#### ####### ##
............# ########.######
.(..........###...#.#...#...##
###......#####..<....##..#...# #
. #......#####.....###..###..# #


You could see 3 jackals and a rat.

Vanquished Creatures
  A bat (D:1)
1 creature vanquished.

Notes
Turn   | Place    | Note
-------+----------+-------------------------------------------
     0 | D:1      | MisterAzrael the Spriggan Enchanter began the quest for the
                  | Orb.
     0 | D:1      | Reached XP level 1. HP: 9/9 MP: 5/5
   273 | D:1      | Slain by a jackal

Illustrated notes

Levels and vault maps discovered:
D:1:      dpeg_cavernosity, layout_basic

Action                     || total
---------------------------++-------
  Melee: Dagger            ||     9
         Punch             ||     1
 Armour: Robe              ||    11
  Dodge: Dodged            ||    18

Table legend: (Time is in decaauts)
 A = Elapsed time spent in this place.
 B = Non-inter-level travel time spent in this place.
 C = Inter-level travel time spent in this place.
 D = Time resting spent in this place.
 E = Time spent auto-exploring this place.
 F = Levels seen in this place.
 G = Mean time per level.
                   A        B        C        D        E       F      G
               +--------+--------+--------+--------+--------+-----+--------+
         Total |    170 |    170 |      0 |      0 |    142 |   1 |  170.0 |
       Dungeon |    170 |    170 |      0 |      0 |    142 |   1 |  170.0 |
               +--------+--------+--------+--------+--------+-----+--------+

Top non-repeatable levels by time:
     D:1: 170 daAuts
